| TOP OF THE 1ST |
|
Trenton Thunder batting - Pitching for Portland Sea Dogs : RHP Jose Escobar
|
|
Pitching: RHP Jose Escobar
|
|
|
Batting: LHB Justin O'Neal
|
0-0: Ball 1-0: Swinging Strike 1-1: Ball 2-1: Ball 3-1: Swinging Strike 3-2: Base on Balls
|
|
Batting: LHB Steve LeGrand
|
0-0: Ball 1-0: Ball 2-0: Ball 3-0: Base on Balls Justin O'Neal to second
|
|
Batting: LHB Jared Zulkowski
|
0-0: Swinging Strike 0-1: Called Strike 0-2: Ball 1-2: Foul Ball, location: 2F 1-2: Foul Ball, location: 2F 1-2: DOUBLE (Flyball, 89XD, EV 105.0 MPH) Justin O'Neal scores Steve LeGrand to third
|
|
Batting: SHB Corey Penson
|
0-0: Ball 1-0: SINGLE (Groundball, 3D, EV 102.5 MPH) Steve LeGrand scores Jared Zulkowski to third
|
|
Batting: RHB Sam Hubbert
|
0-0: Ball 1-0: Ball 2-0: Ball 3-0: Called Strike 3-1: Called Strike 3-2: Foul Ball, location: 2F 3-2: Fielders Choice at 2nd, 5-4 (Groundball, 56, EV 94.4 MPH) Jared Zulkowski scores
|
|
Batting: RHB Phil Reeves
|
0-0: Ball 1-0: Ball 2-0: Ball 3-0: Grounds into double play, 4-6-3 (Groundball, 4, EV 85.0 MPH)
|
| Top of the 1st over - 3 runs, 2 hits, 0 errors, 0 left on base; Trenton 3 - Portland 0 |
| BOTTOM OF THE 1ST |
|
Portland Sea Dogs batting - Pitching for Trenton Thunder : RHP Tim Honaker
|
|
Pitching: RHP Tim Honaker
|
|
|
Batting: RHB Sal Rivera
|
0-0: Called Strike 0-1: Ground out U3 (Groundball, 34, EV 91.9 MPH)
|
|
Batting: LHB Dave Reyes
|
0-0: TRIPLE (Flyball, 89XD, EV 101.2 MPH)
|
|
Batting: RHB Tony Nunez
|
0-0: Ball 1-0: Ball 2-0: Ball 3-0: SINGLE (Flyball, 3D, EV 88.1 MPH) Dave Reyes scores
|
|
Batting: RHB Ernie Genier
|
0-0: Ball 1-0: Foul Ball, location: 2F 1-1: Ball 2-1: Fly out, F8 (Flyball, 8LD, EV 98.8 MPH)
|
|
Batting: RHB Alex Melendez
|
0-0: Fielders Choice at 2nd, 6-4 (Groundball, 6, EV 101.2 MPH)
|
| Bottom of the 1st over - 1 run, 2 hits, 0 errors, 1 left on base; Trenton 3 - Portland 1 |
| TOP OF THE 2ND |
|
Trenton Thunder batting - Pitching for Portland Sea Dogs : RHP Jose Escobar
|
|
Batting: SHB Houston Phillips
|
0-0: Ball 1-0: Foul Ball, location: 2F 1-1: SINGLE (Groundball, 56S, EV 54.4 MPH) (infield hit)
|
|
Batting: RHB Josh Zoglmann
|
0-0: Ball 1-0: Ball 2-0: Called Strike 2-1: SINGLE (Groundball, 56S, EV 70.0 MPH) (infield hit) Houston Phillips to second
|
|
Batting: RHB Jonathan Iniguez
|
0-0: Grounds into double play, 4-6-3 (Groundball, 34, EV 86.9 MPH) Houston Phillips to third
|
|
Batting: LHB Justin O'Neal
|
0-0: Ball 1-0: Ball 2-0: Fly out, F7 (Flyball, 7, EV 90.6 MPH)
|
| Top of the 2nd over - 0 runs, 2 hits, 0 errors, 1 left on base; Trenton 3 - Portland 1 |
| BOTTOM OF THE 2ND |
|
Portland Sea Dogs batting - Pitching for Trenton Thunder : RHP Tim Honaker
|
|
Batting: LHB Keith Rice
|
0-0: Ball 1-0: Called Strike 1-1: Ball 2-1: Ball 3-1: Foul Ball, location: 2F 3-2: SINGLE (Groundball, 56D, EV 97.5 MPH)
|
|
Batting: RHB Mike Batko
|
0-0: Ball 1-0: Grounds into double play, 5-4-3 (Groundball, 56, EV 80.6 MPH)
|
|
Batting: RHB Miguel Villanueva
|
0-0: Swinging Strike 0-1: Called Strike 0-2: Ball 1-2: Foul Ball, location: 2F 1-2: Strikes out swinging
|
| Bottom of the 2nd over - 0 runs, 1 hit, 0 errors, 0 left on base; Trenton 3 - Portland 1 |
| TOP OF THE 3RD |
|
Trenton Thunder batting - Pitching for Portland Sea Dogs : RHP Jose Escobar
|
|
Batting: LHB Steve LeGrand
|
0-0: Ball 1-0: Called Strike 1-1: Swinging Strike 1-2: Ball 2-2: Ball 3-2: Strikes out swinging
|
|
Batting: LHB Jared Zulkowski
|
0-0: Ball 1-0: Foul Ball, location: 2F 1-1: Ball 2-1: Reached on error, E4 (Groundball, 4, EV 104.4 MPH)
|
|
Batting: SHB Corey Penson
|
0-0: SINGLE (Groundball, 25, EV 67.5 MPH) (infield hit) Jared Zulkowski to second
|
|
Batting: RHB Sam Hubbert
|
0-0: 3-RUN HOME RUN (Line Drive, 7LD, EV 100.6 MPH), Distance : 398 ft
|
|
Batting: RHB Phil Reeves
|
0-0: Called Strike 0-1: Called Strike 0-2: Strikes out looking
|
|
Pitching: RHP Chris Cory
|
|
|
Batting: SHB Houston Phillips
|
0-0: Ball 1-0: Called Strike 1-1: Ball 2-1: Foul Ball, location: 2F 2-2: Strikes out swinging
|
| Top of the 3rd over - 3 runs, 2 hits, 1 error, 0 left on base; Trenton 6 - Portland 1 |
| BOTTOM OF THE 3RD |
|
Portland Sea Dogs batting - Pitching for Trenton Thunder : RHP Tim Honaker
|
|
Batting: RHB Frank Sokolosky
|
0-0: DOUBLE (Groundball, 5L, EV 103.8 MPH)
|
|
Batting: RHB Sal Rivera
|
0-0: Ball 1-0: Called Strike 1-1: Ball 2-1: Ground out 3-1 (Groundball, 13, EV 90.6 MPH) Frank Sokolosky to third
|
|
Batting: LHB Dave Reyes
|
0-0: Ball 1-0: Called Strike 1-1: Called Strike 1-2: Hit by Pitch
|
|
Batting: RHB Tony Nunez
|
0-0: Ball Dave Reyes steals 2nd base 1-0: Ball 2-0: Swinging Strike 2-1: Ball 3-1: Base on Balls
|
|
Batting: RHB Ernie Genier
|
0-0: Ball 1-0: Foul Ball, location: 2F 1-1: Called Strike 1-2: Foul Ball, location: 2F 1-2: Ball 2-2: Ball 3-2: Foul Ball, location: 2F 3-2: SINGLE (Groundball, 56D, EV 97.5 MPH) Frank Sokolosky scores Dave Reyes to third Tony Nunez to second Runner from 3rd tries for Home, SAFE, throw by LF to home
|
|
Batting: RHB Alex Melendez
|
0-0: Ball 1-0: Ball 2-0: Fielders Choice at 2nd, 5-4 (Groundball, 5S, EV 78.1 MPH) Tony Nunez to third
|
|
Batting: LHB Keith Rice
|
0-0: Ball 1-0: Foul Ball, location: 2F 1-1: Ball 2-1: Ball 3-1: Base on Balls Alex Melendez to second
|
|
Batting: RHB Mike Batko
|
0-0: Called Strike 0-1: Ball 1-1: Swinging Strike 1-2: Foul Ball, location: 2F 1-2: Ball 2-2: Strikes out swinging
|
| Bottom of the 3rd over - 2 runs, 2 hits, 0 errors, 3 left on base; Trenton 6 - Portland 3 |
| TOP OF THE 4TH |
|
Trenton Thunder batting - Pitching for Portland Sea Dogs : RHP Chris Cory
|
|
Batting: RHB Josh Zoglmann
|
0-0: Called Strike 0-1: Swinging Strike 0-2: Ball 1-2: Ball 2-2: Ball 3-2: Ground out 5-3 (Groundball, 56, EV 97.5 MPH)
|
|
Batting: RHB Jonathan Iniguez
|
0-0: Called Strike 0-1: Called Strike 0-2: Foul Ball, location: 2F 0-2: Ball 1-2: Ball 2-2: Foul Ball, location: 2F 2-2: Ball 3-2: Base on Balls
|
|
Batting: LHB Justin O'Neal
|
0-0: Ball Jonathan Iniguez steals 2nd base 1-0: Swinging Strike 1-1: Fly out, F7 (Flyball, 7LS, EV 97.5 MPH)
|
|
Batting: LHB Steve LeGrand
|
0-0: Swinging Strike 0-1: Foul Ball, location: 2F 0-2: Strikes out looking
|
| Top of the 4th over - 0 runs, 0 hits, 0 errors, 1 left on base; Trenton 6 - Portland 3 |
| BOTTOM OF THE 4TH |
|
Portland Sea Dogs batting - Pitching for Trenton Thunder : RHP Tim Honaker
|
|
Batting: RHB Miguel Villanueva
|
0-0: Ground out U3 (Groundball, 3, EV 103.8 MPH)
|
|
Batting: RHB Frank Sokolosky
|
0-0: Ball 1-0: Foul Ball, location: 2F 1-1: Called Strike 1-2: Ground out 4-3 (Groundball, 4, EV 100.6 MPH)
|
|
Batting: RHB Sal Rivera
|
0-0: Foul Ball, location: 2F 0-1: Ground out 2-3 (Groundball, 13S, EV 73.8 MPH)
|
| Bottom of the 4th over - 0 runs, 0 hits, 0 errors, 0 left on base; Trenton 6 - Portland 3 |
| TOP OF THE 5TH |
|
Trenton Thunder batting - Pitching for Portland Sea Dogs : RHP Chris Cory
|
|
Batting: LHB Jared Zulkowski
|
0-0: Ball 1-0: SINGLE (Flyball, 6MD, EV 92.5 MPH)
|
|
Batting: SHB Corey Penson
|
0-0: DOUBLE (Flyball, 8LXD, EV 108.8 MPH) Jared Zulkowski to third
|
|
Batting: RHB Sam Hubbert
|
0-0: Swinging Strike 0-1: Ball 1-1: Ball 2-1: Called Strike 2-2: Hit by Pitch
|
|
Batting: RHB Phil Reeves
|
0-0: Ball 1-0: Foul Ball, location: 2F 1-1: Foul Ball, location: 2F 1-2: Grounds into double play, 6-4-3 (Groundball, 6, EV 109.4 MPH) Jared Zulkowski scores Corey Penson to third
|
|
Batting: SHB Houston Phillips
|
0-0: Fly out, F6 (Popup, 15, EV 73.8 MPH)
|
| Top of the 5th over - 1 run, 2 hits, 0 errors, 1 left on base; Trenton 7 - Portland 3 |
| BOTTOM OF THE 5TH |
|
Portland Sea Dogs batting - Pitching for Trenton Thunder : RHP Tim Honaker
|
|
Batting: LHB Dave Reyes
|
0-0: Ball 1-0: Ball 2-0: Foul Ball, location: 2F 2-1: Ball 3-1: SINGLE (Groundball, 34S, EV 69.4 MPH) (infield hit)
|
|
Batting: RHB Tony Nunez
|
0-0: Ball 1-0: Called Strike Dave Reyes steals 2nd base (no throw) 1-1: Ground out 4-3 (Groundball, 4M, EV 83.1 MPH) Dave Reyes to third
|
|
Batting: RHB Ernie Genier
|
0-0: Called Strike 0-1: Ball 1-1: Foul Ball, location: 2F 1-2: Ball 2-2: Fly out, F8 (Flyball, 8LM, EV 76.9 MPH)
|
|
Batting: RHB Alex Melendez
|
0-0: Called Strike 0-1: Ground out 3-1 (Groundball, 13, EV 83.8 MPH)
|
| Bottom of the 5th over - 0 runs, 1 hit, 0 errors, 1 left on base; Trenton 7 - Portland 3 |
| TOP OF THE 6TH |
|
Trenton Thunder batting - Pitching for Portland Sea Dogs : RHP Chris Cory
|
|
Batting: RHB Josh Zoglmann
|
0-0: Called Strike 0-1: Foul Ball, location: 2F 0-2: Fly out, F8 (Flyball, 8RD, EV 98.8 MPH)
|
|
Batting: RHB Jonathan Iniguez
|
0-0: Fly out, F7 (Flyball, 7LS, EV 88.8 MPH)
|
|
Batting: LHB Justin O'Neal
|
0-0: Swinging Strike 0-1: Ball 1-1: Ball 2-1: Foul Ball, location: 2F 2-2: Foul Ball, location: 2F 2-2: SINGLE (Groundball, 34D, EV 101.2 MPH)
|
|
Pitching: RHP Joseph Anderson
|
|
|
Batting: LHB Steve LeGrand
|
0-0: Ground out 4-3 (Groundball, 4, EV 87.5 MPH)
|
| Top of the 6th over - 0 runs, 1 hit, 0 errors, 1 left on base; Trenton 7 - Portland 3 |
| BOTTOM OF THE 6TH |
|
Portland Sea Dogs batting - Pitching for Trenton Thunder : RHP Tim Honaker
|
|
Batting: LHB Keith Rice
|
0-0: Ball 1-0: Called Strike 1-1: Foul Ball, location: 2F 1-2: SINGLE (Groundball, 5D, EV 98.1 MPH)
|
|
Batting: RHB Mike Batko
|
0-0: Called Strike 0-1: Ball 1-1: Fielders Choice at 2nd, 6-4 (Groundball, 6, EV 101.9 MPH)
|
|
Batting: RHB Miguel Villanueva
|
Pickoff Throw to First - Out! 1-3 0-0: Fly out, F9 (Line Drive, 9S, EV 92.5 MPH)
|
| Bottom of the 6th over - 0 runs, 1 hit, 0 errors, 0 left on base; Trenton 7 - Portland 3 |
| TOP OF THE 7TH |
|
Trenton Thunder batting - Pitching for Portland Sea Dogs : RHP Joseph Anderson
|
|
Batting: LHB Jared Zulkowski
|
0-0: Ball 1-0: Swinging Strike 1-1: Swinging Strike 1-2: Fly out, F6 (Popup, 6MD, EV 67.5 MPH)
|
|
Batting: SHB Corey Penson
|
0-0: Swinging Strike 0-1: Foul Ball, location: 2F 0-2: Ball 1-2: Fly out, F5 (Popup, 5F, EV 61.2 MPH)
|
|
Batting: RHB Sam Hubbert
|
0-0: SINGLE (Line Drive, 4D, EV 99.4 MPH)
|
|
Batting: RHB Phil Reeves
|
0-0: Foul Ball, location: 2F 0-1: Ball 1-1: Ball 2-1: Swinging Strike 2-2: Ground out 1-3 (Groundball, 13, EV 70.6 MPH)
|
| Top of the 7th over - 0 runs, 1 hit, 0 errors, 1 left on base; Trenton 7 - Portland 3 |
| BOTTOM OF THE 7TH |
|
Portland Sea Dogs batting - Pitching for Trenton Thunder : RHP Tim Honaker
|
|
Batting: RHB Frank Sokolosky
|
0-0: TRIPLE (Line Drive, 78XD, EV 104.4 MPH)
|
|
Batting: RHB Sal Rivera
|
0-0: Ball 1-0: Called Strike 1-1: Foul Ball, location: 2F 1-2: Fly out, F9 (Line Drive, 9D, EV 89.4 MPH) Runner from 3rd tags up, SCORES, no throw by RF
|
|
Pitching: RHP Jimmy Wilder
|
|
|
Batting: LHB Dave Reyes
|
0-0: Ball 1-0: Swinging Strike 1-1: Ball 2-1: Called Strike 2-2: Foul Ball, location: 2F 2-2: Foul Ball, location: 2F 2-2: Strikes out swinging
|
|
Batting: RHB Tony Nunez
|
0-0: Called Strike 0-1: Foul Ball, location: 2F 0-2: Ball 1-2: Ball 2-2: Foul Ball, location: 2F 2-2: Strikes out swinging
|
| Bottom of the 7th over - 1 run, 1 hit, 0 errors, 0 left on base; Trenton 7 - Portland 4 |
| TOP OF THE 8TH |
|
Trenton Thunder batting - Pitching for Portland Sea Dogs : RHP Joseph Anderson
|
|
Pitching: LHP Jon Convery
|
|
|
Batting: SHB Houston Phillips
|
0-0: SOLO HOME RUN (Flyball, 9LD, EV 103.1 MPH), Distance : 387 ft
|
|
Batting: RHB Josh Zoglmann
|
0-0: Swinging Strike 0-1: Foul Ball, location: 2F 0-2: Ball 1-2: Ball 2-2: DOUBLE (Line Drive, 89M, EV 96.9 MPH)
|
|
Batting: RHB Jonathan Iniguez
|
0-0: Ball 1-0: Called Strike 1-1: Ball 2-1: Foul Ball, location: 2F 2-2: Ground out 6-3 (Groundball, 6, EV 90.6 MPH) Josh Zoglmann to third
|
|
Batting: LHB Justin O'Neal
|
0-0: Called Strike 0-1: Foul Ball, location: 2F 0-2: Strikes out swinging
|
|
Batting: LHB Steve LeGrand
|
0-0: Foul Ball, location: 2F 0-1: Ground out 5-3 (Groundball, 5, EV 87.5 MPH)
|
| Top of the 8th over - 1 run, 2 hits, 0 errors, 1 left on base; Trenton 8 - Portland 4 |
| BOTTOM OF THE 8TH |
|
Portland Sea Dogs batting - Pitching for Trenton Thunder : RHP Jimmy Wilder
|
|
Pitching: RHP Antonio Castillo
|
|
|
Batting: RHB Ernie Genier
|
0-0: Ball 1-0: Ball 2-0: Foul Ball, location: 2F 2-1: Swinging Strike 2-2: Strikes out looking
|
|
Batting: RHB Alex Melendez
|
0-0: Called Strike 0-1: Ball 1-1: Fly out, F8 (Flyball, 8LD, EV 75.0 MPH)
|
|
Batting: LHB Keith Rice
|
0-0: Called Strike 0-1: Ball 1-1: Swinging Strike 1-2: Ball 2-2: Strikes out swinging
|
| Bottom of the 8th over - 0 runs, 0 hits, 0 errors, 0 left on base; Trenton 8 - Portland 4 |
| TOP OF THE 9TH |
|
Trenton Thunder batting - Pitching for Portland Sea Dogs : LHP Jon Convery
|
|
Pitching: RHP Cody Humphries
|
|
|
Batting: LHB Jared Zulkowski
|
0-0: Ball 1-0: Called Strike 1-1: Foul Ball, location: 2F 1-2: Ball 2-2: Ground out 4-3 (Groundball, 4, EV 98.1 MPH)
|
|
Batting: SHB Corey Penson
|
0-0: Swinging Strike 0-1: Ball 1-1: Foul Ball, location: 2F 1-2: Ball 2-2: Foul Ball, location: 2F 2-2: Strikes out swinging
|
|
Batting: RHB Sam Hubbert
|
0-0: Ball 1-0: Fly out, F8 (Flyball, 8RD, EV 90.6 MPH)
|
| Top of the 9th over - 0 runs, 0 hits, 0 errors, 0 left on base; Trenton 8 - Portland 4 |
| BOTTOM OF THE 9TH |
|
Portland Sea Dogs batting - Pitching for Trenton Thunder : RHP Antonio Castillo
|
|
Batting: RHB Mike Batko
|
0-0: Foul Ball, location: 2F 0-1: Ball 1-1: Ball 2-1: Foul Ball, location: 2F 2-2: Strikes out swinging
|
|
Batting: RHB Miguel Villanueva
|
0-0: SINGLE (Groundball, 6MD, EV 99.4 MPH)
|
|
Batting: RHB Frank Sokolosky
|
0-0: Swinging Strike 0-1: Called Strike 0-2: Ball 1-2: Ball 2-2: Strikes out swinging
|
|
Batting: RHB Sal Rivera
|
0-0: Called Strike 0-1: Foul Ball, location: 2F 0-2: Ball 1-2: Ball 2-2: Fly out, F8 (Flyball, 8LM, EV 92.5 MPH)
|
| Bottom of the 9th over - 0 runs, 1 hit, 0 errors, 1 left on base; Trenton 8 - Portland 4 |
|